 Dungeon Crawl Stone Soup version 0.23-a0-163-g800ba1ec23 (webtiles) character file.

41 Nellup the Vexing (level 3, -3/16 HPs)
             Began as a Spriggan Enchanter on Sept 9, 2018.
             Slain by an adder (4 damage)
             ... on level 2 of the Dungeon.
             The game lasted 00:13:35 (1706 turns).

Nellup the Vexing (Spriggan Enchanter)              Turns: 1706, Time: 00:13:35

Health: -3/16      AC:  2    Str:  4    XL:     3   Next: 32%
Magic:  4/9        EV: 18    Int: 17    God:
Gold:   18         SH:  0    Dex: 16    Spells: 6/9 levels left

rFire    . . .     SeeInvis +   a - +1 dagger
rCold    . . .     Gourm    .   (shield restricted)
rNeg     . . .     Faith    .   b - +0 robe
rPois    .         Spirit   .   (helmet restricted)
rElec    .         Reflect  .   (no cloak)
rCorr    .         Harm     .   (gloves unavailable)
MR       .....                  (boots unavailable)
Stlth    +++.......             (no amulet)
HPRegen  0.05/turn              (no ring)
MPRegen  0.11/turn              (no ring)

@: very slightly contaminated, very quick
A: very small, unfitting armour, see invisible, herbivore, speed 3, slow
metabolism 2
a: no special abilities


You were on level 2 of the Dungeon.
You were not hungry.

You visited 1 branch of the dungeon, and saw 2 of its levels.

You collected 18 gold pieces.

Inventory:

Hand Weapons
 a - a +1 dagger (weapon)
Missiles
 i - 10 sling bullets
Armour
 b - a +0 robe (worn)
 g - a cursed +0 leather armour
Jewellery
 h - an uncursed ring of stealth {unknown}
 p - a cursed ring of teleportation {unknown}
Scrolls
 c - a scroll of amnesia {unknown}
 f - a scroll of fear {unknown}
 j - 2 scrolls of magic mapping {unknown}
 k - a scroll of enchant armour {unknown}
 l - a scroll of immolation {unknown}
 o - 2 scrolls of identify {unknown}
 r - a scroll of remove curse {unknown}
 s - a scroll of blinking {unknown}
Potions
 e - a potion of berserk rage {unknown}
 m - a potion of resistance {unknown}
 n - a potion of invisibility {unknown}
 q - a potion of heal wounds {unknown}
Comestibles
 d - 3 rations


   Skills:
 - Level 1.1 Short Blades
 - Level 3.0 Dodging
 - Level 4.4 Stealth
 + Level 3.9 Spellcasting
 + Level 4.5 Hexes


You had 6 spell levels left.
You knew the following spells:

 Your Spells              Type           Power        Failure   Level  Hunger
a - Corona                Hex            ###....      2%          1    None
b - Ensorcelled Hibernat  Hex/Ice        ##....       10%         2    ##.....

Your spell library contained the following spells:

 Spells                   Type           Power        Failure   Level  Hunger
 Confuse                  Hex            ###.....     8%          3    ###....
 Tukima's Dance           Hex            ###.....     8%          3    ###....
 Dazzling Spray           Conj/Hex       ##....       19%         3    ###....


Dungeon Overview and Level Annotations

Branches:
Dungeon (2/15)

Altars:
Vehumet
Xom

Annotations:
D:2 Robin, Sigmund


Innate Abilities, Weirdness & Mutations

You are very small and have problems with some larger weapons.
You are too small for most types of armour.
You have supernaturally acute eyesight. (SInv)
You are a herbivore.
You cover ground extremely quickly.
You need to consume almost no food.


Message History

You closely miss the giant cockroach. The adder barely misses you.
The giant cockroach bites you.
* * * LOW HITPOINT WARNING * * *
Sigmund gestures wildly while chanting.
Sigmund flickers and vanishes for a moment.
You hit the giant cockroach.
The giant cockroach is moderately wounded.
The adder misses you. The giant cockroach misses you.
The adder barely misses you.
You hit the giant cockroach but do no damage.
The giant cockroach is moderately wounded.
Sigmund closely misses you. The giant cockroach bites you.
* * * LOW HITPOINT WARNING * * *
The adder barely misses you.
You hit the giant cockroach.
The giant cockroach is heavily wounded.
The giant cockroach bites you.
* * * LOW HITPOINT WARNING * * *
The adder bites you.
You die...

.# # .## .# ... ...
# ..##..#.# #.#...#.
#...... ## #s#...
..# #@##.# # #.#
#S##.##.# #.#
#@......# #.#
####'#### #.#
##...## ####.####
##.....###.)......
#.......##.##..#.#
#.................#
.'..................


You could see Sigmund (invisible), an adder and a giant cockroach.

Vanquished Creatures
  A worm (D:2)
  A leopard gecko (D:1)
  A ball python (D:1)
  6 bats
  A giant cockroach (D:1)
  9 goblins
  4 hobgoblins
  3 kobolds (D:1)
  A frilled lizard (D:1)
  7 rats
34 creatures vanquished.

Notes
Turn   | Place    | Note
-------+----------+-------------------------------------------
     0 | D:1      | Nellup the Spriggan Enchanter began the quest for the Orb.
     0 | D:1      | Reached XP level 1. HP: 9/9 MP: 5/5
   146 | D:1      | Reached XP level 2. HP: 13/13 MP: 7/7
   150 | D:1      | Learned a level 2 spell: Ensorcelled Hibernation
   825 | D:2      | Found a radiant altar of Vehumet.
   839 | D:2      | Reached XP level 3. HP: 8/16 MP: 3/9
  1039 | D:2      | Found a shimmering altar of Xom.
  1039 | D:2      | Found a shimmering altar of Xom.
  1040 | D:2      | Found a shimmering altar of Xom.
  1041 | D:2      | Found a shimmering altar of Xom.
  1041 | D:2      | Found a shimmering altar of Xom.
  1041 | D:2      | Found a shimmering altar of Xom.
  1080 | D:2      | Noticed Robin
  1692 | D:2      | Noticed Sigmund
  1706 | D:2      | Slain by an adder

Vault maps used:
D:1:      saegor_arrival_simple_c
D:2:      lemuel_doored_altar, lemuel_crystal_altar, first_ration,
          xom_redecorated, uniq_sigmund, uniq_robin

Skill      XL: |  1 |
---------------+----+-----
Spellcasting   | 3 |  3.9
Hexes          | 4 |  4.5
Short Blades   | |  1.1
Dodging        | |  3.0
Stealth        | |  4.4

Action                   || total
-------------------------++-------
Melee: Dagger            ||    81
 Cast: Ensorcelled Hiber ||    24
 Stab: Sleeping          ||    23
Armor: Robe              ||     8
Dodge: Dodged            ||    70

Table legend:
 A = Non-vault XP
 B = Vault XP
 C = Vault XP percentage of total XP
 D = Non-vault monster count
 E = Vault monster count
 F = Vault count percentage of total count
                 A         B        C        D         E       F
            +---------+---------+-------+---------+---------+-------
      Total |      48 |      11 |  18.6 |      28 |       6 |  17.6
            +---------+---------+-------+---------+---------+-------
        D:1 |      34 |       2 |   5.6 |      20 |       1 |   4.8
        D:2 |      14 |       9 |  39.1 |       8 |       5 |  38.5
            +---------+---------+-------+---------+---------+-------
